 Dungeon Crawl Stone Soup version 0.26-b1-32-g5d43845318 (webtiles) character file.

Game seed: 4041705398800490996

81 Borgoz the Cudgeller (level 4, -3/27 HPs)
             Began as a Gargoyle Gladiator on Jan 10, 2021.
             Killed from afar by an orc wizard (10 damage)
             ... with a puff of flame
             ... on level 3 of the Dungeon.
             The game lasted 00:01:44 (2261 turns).

Borgoz the Cudgeller (Gargoyle Gladiator)           Turns: 2261, Time: 00:01:44

Health: -3/27      AC:  7    Str: 17    XL:     4   Next: 42%
Magic:  4/4        EV: 13    Int:  9    God:
Gold:   80         SH:  0    Dex: 12    Spells: 3/3 levels left

rFire    . . .     SeeInvis .   a - +0 flail
rCold    . . .     Faith    .   (no shield)
rNeg     + . .     Spirit   .   b - +0 leather armour
rPois    ∞         Reflect  .   c - +0 helmet
rElec    +         Harm     .   (no cloak)
rCorr    .         Rampage  .   (no gloves)
Will     .....                  (no boots)
Stlth    +.........             (no amulet)
HPRegen  0.09/turn              (no ring)
MPRegen  0.09/turn              (no ring)

@: no status effects
A: negative energy resistance 1, electricity resistance, unbreathing,
petrification resistance, miasma immunity, AC +3
a: no special abilities


You were on level 3 of the Dungeon.
You visited 1 branch of the dungeon, and saw 3 of its levels.

You collected 80 gold pieces.

Inventory:

Hand Weapons
 a - a +0 flail (weapon)
Missiles
 d - 3 throwing nets (quivered)
Armour
 b - a +0 leather armour (worn)
 c - a +0 helmet (worn)
Scrolls
 f - 3 scrolls of identify {unknown}
 g - a scroll of remove curse {unknown}
 h - a scroll of immolation {unknown}
 i - a scroll of teleportation {unknown}
 k - 2 scrolls of magic mapping {unknown}
 l - a scroll of enchant weapon {unknown}
 n - a scroll of amnesia {unknown}
 o - 2 scrolls of random uselessness {unknown}
Potions
 e - 2 potions of ambrosia {unknown}
 j - a potion of cancellation {unknown}
 m - a potion of might {unknown}


   Skills:
 + Level 2.9 Fighting
 * Level 3.9 Maces & Flails
 - Level 1.7 Throwing
 * Level 3.2 Dodging


You had 3 spell levels left.
You didn't know any spells.
Your spell library was empty.

Dungeon Overview and Level Annotations

Branches:
Dungeon (3/15)

Altars:


Innate Abilities, Weirdness & Mutations

You are resistant to torment.
Your stone body is resilient. (AC +3)
You are immune to poison.
You resist negative energy. (rN+)
You are resistant to electric shocks. (rElec)
You can survive without breathing.
You are immune to petrification.
You are immune to miasma.


Message History

The magic dart hits you!
The orc wizard hits you but does no damage.
You hit the orc wizard.
The orc wizard is moderately wounded.
The orc wizard points at you and mumbles some strange words.
The puff of frost hits you.
The orc wizard gestures at you while chanting.
The magic dart hits you.
* * * LOW HITPOINT WARNING * * *
You are too injured to fight recklessly!
You are too injured to fight recklessly!
You barely miss the orc wizard.
The orc wizard is moderately wounded.
The orc wizard closely misses you.
The orc wizard hits you but does no damage.
You hit the orc wizard.
The orc wizard is severely wounded.
The orc wizard gestures at you while chanting.
The puff of flame hits you!
You die...

..# ##....##....#
..# #...####....#
...# #...#####.#.#
...#
#.........#.########
...#
#....######.........
.... ##+#.#
########## #.# #.#
#@# #o# .o. .....
#.....# #.#...+
#.##### ..


You could see an orc wizard (fast) and an orc.

Vanquished Creatures
  3 adders (D:2)
  An ooze (D:3)
  A worm (D:2)
  A dart slug (D:1)
  4 leopard geckos
  An orc (D:3)
  2 bats
  A giant cockroach (D:1)
  5 goblins
  8 hobgoblins
  2 jackals (D:3)
  4 kobolds
  A ball python (D:1)
  6 rats
40 creatures vanquished.

Notes
Turn   | Place    | Note
-------+----------+-------------------------------------------
     0 | D:1      | Borgoz the Gargoyle Gladiator began the quest for the Orb.
     0 | D:1      | Reached XP level 1. HP: 12/12 MP: 1/1
   366 | D:1      | Reached XP level 2. HP: 18/18 MP: 2/2
  1029 | D:2      | Reached XP level 3. HP: 21/22 MP: 3/3
  1671 | D:2      | Reached XP level 4. HP: 15/27 MP: 4/4
  2261 | D:3      | Killed from afar by an orc wizard

Illustrated notes

Levels and vault maps discovered:
D:1:      zelgadis_glass_arrival_small, layout_basic
D:2:      layout_basic, minmay_stone_trees_medium, grunt_decor_junction,
          palyth_stone_intersect
D:3:      layout_basic, uniq_grinder

Skill      XL: |  1  2  3 |
---------------+----------+-----
Dodging        | 3 |  3.2
Fighting       | |  2.9
Maces & Flails | |  3.9
Throwing       | |  1.7

Action                   |  1- 3 |  4- 6 || total
-------------------------+-------+-------++-------
Melee: Flail             |    95 |    73 ||   168
Armor: Leather armour    |    43 |    35 ||    78
Dodge: Dodged            |    70 |    68 ||   138
